 Dungeon Crawl Stone Soup version 0.16.1 (webtiles) character file.

112 Ultraviolent4 the Caller (level 4, -4/27 HPs)
             Began as an Octopode Summoner on Mar 24, 2015.
             Slain by an orc
             ... wielding a +0 flail
              (9 damage)
             ... on level 3 of the Dungeon.
             The game lasted 00:05:07 (2704 turns).

Ultraviolent4 the Caller (Octopode Summoner)        Turns: 2704, Time: 00:05:07

Health: -4/27      AC:  1    Str:  7    XL:     4   Next: 95%
Magic:  8/8        EV: 13    Int: 18    God:
Gold:   91         SH:  0    Dex: 12    Spells: 3 memorised, 2 levels left

rFire  . . .     SeeInvis .     a - +2 dagger (vamp)
rCold  . . .     Clarity  .     (no shield)
rNeg   . . .     SustAb   .     (helmet restricted)
rPois  .         Gourm    .     (no amulet)
rElec  .         Spirit   .     (no ring)
rCorr  .         Warding  .     (no ring)
rMut   .         Stasis   .     (no ring)
MR     .....                    (no ring)
Stlth  +++.......               (no ring)
                                (no ring)
                                (no ring)
                                (no ring)

@: not resistant to hostile enchantments, fairly stealthy
A: almost no armour, amphibious, 8 rings, constrict 8, camouflage 1, gelatinous
body 1
a: no special abilities


You were on level 3 of the Dungeon.
You were not hungry.

You visited 1 branch of the dungeon, and saw 4 of its levels.

You collected 91 gold pieces.

Inventory:

Hand weapons
 a - a +2 vampiric dagger (weapon)
Magical devices
 n - a wand of slowing (29)
Scrolls
 f - a scroll of recharging
 j - 6 scrolls of identify {unknown}
 k - a scroll of amnesia {unknown}
 q - a scroll of enchant armour {unknown}
 r - a scroll of magic mapping {unknown}
Potions
 d - a potion of curing {unknown}
 e - a potion of lignification {unknown}
 h - 3 potions of flight {unknown}
 l - a potion of resistance {unknown}
 m - a potion of agility {unknown}
Books
 b - a book of Callings

   Spells                             Type                      Level
   a - Summon Small Mammal            Summoning                    1
   b - Call Imp                       Summoning                    2
   c - Call Canine Familiar           Summoning                    3
   d - Summon Guardian Golem          Hexes/Summoning              4
   e - Summon Lightning Spire         Summoning/Air                4
   f - Summon Ice Beast               Ice/Summoning                4
Comestibles
 c - 3 bread rations
 o - a beef jerky
 p - a slice of pizza


   Skills:
 * Level 3.2 Dodging
 - Level 2.6 Stealth
 + Level 2.6 Spellcasting
 * Level 5.1 Summonings


You had 2 spell levels left.
You knew the following spells:

 Your Spells              Type           Power        Failure   Level  Hunger
a - Summon Small Mammal   Summ           ###.         1%          1    #......
b - Call Imp              Summ           ###.....     3%          2    ##.....
c - Call Canine Familiar  Summ           ###.....     10%         3    ###....


Dungeon Overview and Level Annotations

Branches:
Dungeon (4/15)
 Temple: D:4-7

Altars:
Gozag
Ru


Innate Abilities, Weirdness & Mutations

You cannot wear most types of armour.
You are amphibious.
You can wear up to eight rings at the same time.
You can use your tentacles to constrict many enemies at once.
Your skin changes colour to match your surroundings (Stealth).
Your rubbery body absorbs attacks (AC +1).


Message History

The orc is almost dead.
You constrict the orc, but do no damage.
The orc barely misses you.
You hit the orc. Your grab misses the orc.
The orc is lightly wounded.
You constrict the orc. The orc barely misses you.
The orc hits you with a dagger.
* * * LOW HITPOINT WARNING * * *
You closely miss the orc. You grab the orc.
The orc is lightly wounded.
You constrict the orc. x2
You kill the orc!
The orc barely misses you.
You barely miss the orc.
The orc is moderately wounded.
You constrict the orc. The orc barely misses you.
You hit the orc but do no damage.
The orc is heavily wounded.
You constrict the orc. The orc hits you with a flail!
You die...

#.#....#
#.#####
#.######
#.# #.#
#.# #.#
#.# #.# ^
#.# #.#
#)########
#@o.......
##########


You could see an orc.

Vanquished Creatures
  An orc priest (D:3)
  Ijyb (D:2)
  2 adders (D:2)
  An orc (D:3)
  6 hobgoblins
  3 jackals (D:1)
  7 kobolds
  4 bats
  A giant newt (D:3)
  8 goblins
  A quokka (D:2)
  7 rats
42 creatures vanquished.

Vanquished Creatures (collateral kills)
  Terence (D:2)
1 creature vanquished.

Vanquished Creatures (others)
  2 crimson imps (D:2)
2 creatures vanquished.

Grand Total: 45 creatures vanquished

Notes
Turn   | Place    | Note
--------------------------------------------------------------
     0 | D:1      | Ultraviolent4, the Octopode Summoner, began the quest for the Orb.
     0 | D:1      | Reached XP level 1. HP: 11/11 MP: 3/3
   235 | D:1      | Reached XP level 2. HP: 10/17 MP: 4/4
   240 | D:1      | Learned a level 2 spell: Call Imp
   908 | D:1      | Reached XP level 3. HP: 11/21 MP: 6/6
  1043 | D:1      | Learned a level 3 spell: Call Canine Familiar
  1650 | D:2      | Found an opulent altar of Gozag.
  1731 | D:2      | Noticed Ijyb
  1742 | D:2      | Killed Ijyb
  1742 | D:2      | Reached XP level 4. HP: 24/27 MP: 8/8
  1866 | D:2      | Noticed Terence
  1921 | D:2      | Killed Terence
  2199 | D:2      | Reached skill level 5 in Summonings
  2608 | D:3      | Found a sacrificial altar of Ru.
  2704 | D:3      | Slain by an orc

Action                   |  1- 3 |  4- 6 || total
-------------------------+-------+-------++-------
Melee: Unarmed           |    16 |       ||    16
       Dagger            |    71 |    51 ||   122
 Cast: Call Imp          |       |     4 ||     4
  Use: Scroll            |       |     3 ||     3
 Stab: Sleeping          |     4 |     2 ||     6
       Distracted        |     1 |       ||     1
  Eat: Fruit             |     4 |       ||     4
       Chunk             |     2 |     3 ||     5
       Pizza             |     1 |       ||     1
